 Dungeon Crawl Stone Soup version 0.31.0-9-g3a7656b989 (webtiles) character file.

Game seed: 4324288554405483475

224 Chiseanne the Ruffian (level 5, 0/49 HPs)
             Began as a Troll Shapeshifter on Feb 3, 2024.
             Slain by a lemure (4 damage)
             ... led by Pikel
             ... on level 3 of the Dungeon.
             The game lasted 00:04:02 (2166 turns).

Chiseanne the Ruffian (Troll Shapeshifter)          Turns: 2166, Time: 00:04:03

Health: 0/49       AC:  5    Str: 22    XL:     5   Next: 67%
Magic:  4/4        EV: 10    Int:  6    God:
Gold:   674        SH:  0    Dex: 11    Spells: 4/4 levels left

rFire   . .          .
                       - Unarmed
rCold   . . .        (no shield)
rNeg    . . .        a - +1 animal skin
rPois   .            (helmet currently unavailable)
rElec   .            (cloak currently unavailable)
rCorr   .            (gloves unavailable)
SInv    .            (boots unavailable)
Will    .....        (no amulet)
Stlth   +            (no ring)
HPRegen 1.08/turn    (no ring)
MPRegen 0.09/turn

%: no passive effects
@: beast-form
A: beast (slay +2), large, unfitting armour, claws 3, regeneration 1, shaggy fur
1, tough skin 1
a: Begin Untransformation


You were on level 3 of the Dungeon.
You were a hulking beast.
You visited 1 branch of the dungeon, and saw 4 of its levels.

You collected 674 gold pieces.

Inventory:

Missiles
 h - 39 stones (quivered)
 o - 5 boomerangs
Armour
 a - a +1 animal skin (worn)
Jewellery
 e - a ring of ice
 j - a ring of fire
Talismans
 c - a beast talisman (active)
 d - a flux talisman
Scrolls
 g - 3 scrolls of teleportation
Potions
 b - a potion of lignification
 k - a potion of curing {unknown}
 l - a potion of mutation {unknown}
 n - a potion of enlightenment {unknown}
 q - a potion of resistance
 r - a potion of cancellation


   Skills:
 * Level 2.3 Fighting
 * Level 2.8 Dodging
 * Level 4.1 Unarmed Combat
 * Level 3.9 Shapeshifting


You had 4 spell levels left.
You didn't know any spells.
Your spell library contained the following spells:

 Spells                   Type           Power      Damage    Failure   Level
 Apportation              Tloc           0%         N/A       45%         1
 Sting                    Conj/Alch      0%         1d3       45%         1
 Blink                    Tloc           0%         N/A       58%         2
 Jinxbite                 Hex            0%         N/A       58%         2
 Lesser Beckoning         Tloc           0%         N/A       58%         2
 Mercury Vapours          Alch/Air       0%         N/A       58%         2
 Momentum Strike          Conj/Tloc      0%         3d8       58%         2
 Gell's Gravitas          Tloc           0%         N/A       83%         3
 Teleport Other           Tloc           0%         N/A       83%         3
 Olgreb's Toxic Radiance  Alch           0%         N/A       99%         4
 Alistair's Intoxication  Alch           0%         N/A       100%        5
 Dispersal                Tloc           0%         N/A       100%        6


Dungeon Overview and Level Annotations

Branches:
Dungeon (4/15)
 Temple: D:4-7

Altars:
Ru
Yredelemnul

Shops:
D:2 =

Annotations:
D:3 Pikel


Innate Abilities, Weirdness & Mutations

You are a hulking beast.
Your limbs bulge with bestial killing power. (Slay +2)
You are too large for most types of armour.
You have claws for hands.
Your natural rate of healing is unusually fast.
You are covered in fur. (AC +1)
You have tough skin. (AC +1)


Message History

You closely miss Pikel.
Pikel is lightly wounded.
Pikel barely misses you. The lemure closely misses you.
You closely miss Pikel.
Pikel is lightly wounded.
Pikel barely misses you. The lemure hits you.
You scratch Pikel.
Pikel is lightly wounded.
Pikel hits you with a +1 whip of electrocution!
The lemure hits you.
You claw Pikel!
Pikel is heavily wounded.
Pikel hits you with a +1 whip of electrocution.
The lemure closely misses you.
You scratch Pikel but do no damage.
Pikel is heavily wounded.
Pikel hits you with a +1 whip of electrocution.
The lemure hits you but does no damage.
You scratch Pikel but do no damage.
Pikel is heavily wounded.
Pikel hits you with a +1 whip of electrocution.
The lemure barely misses you.
You closely miss Pikel.
Pikel is heavily wounded.
Pikel hits you with a +1 whip of electrocution.
The lemure hits you.
You scratch Pikel. You claw Pikel, but do no damage.
Pikel is heavily wounded.
Pikel hits you with a +1 whip of electrocution!
The lemure hits you!
* * * LOW HITPOINT WARNING * * *
You scratch Pikel but do no damage. You claw Pikel.
Pikel is severely wounded.
Pikel misses you. The lemure hits you.
* * * LOW HITPOINT WARNING * * *
Okay, then.
You scratch Pikel but do no damage.
Pikel is severely wounded.
Pikel barely misses you. The lemure hits you.
You die...

....##...........#
....##...........###
##.................#
##..##...#.#######.#
##...#...#.........#
.....#...#.#.#######
..##<....#.....#
..##.).#.###.#.###
..##..)........5h#
####..<#.###.#.#K#
######.#.....#...#
#......#..########
.##.......#
.##.......#
.######...# ##
#..ยง# #...#


You could see Pikel and a lemure.

Vanquished Creatures
  2 orc priests (D:3)
  An orc wizard (D:3)
  Robin (D:2)
  5 adders
  A dart slug (D:1)
  A ribbon worm (D:3)
  9 orcs (D:3)
  4 bats
  2 endoplasms (D:2)
  A giant cockroach (D:2)
  12 goblins
  6 hobgoblins
  4 jackals (D:1)
  9 kobolds
  2 quokkas (D:1)
  2 ball pythons
  3 frilled lizards
  9 rats
74 creatures vanquished.

Notes
Turn   | Place    | Note
-------+----------+-------------------------------------------
     0 | D:1      | Chiseanne the Troll Shapeshifter began the quest for the
                  | Orb.
     0 | D:1      | Reached XP level 1. HP: 18/18 MP: 0/0
   228 | D:1      | Reached skill level 1 in Fighting
   231 | D:1      | Reached XP level 2. HP: 27/27 MP: 1/1
   841 | D:2      | Reached XP level 3. HP: 33/33 MP: 2/2
  1007 | D:2      | Found Iskympuk's Jewellery Emporium.
  1195 | D:2      | Reached XP level 4. HP: 41/41 MP: 3/3
  1568 | D:2      | Identified a scroll of acquirement
  1568 | D:2      | Acquired 539 gold pieces
  1579 | D:3      | Noticed Robin
  1625 | D:2      | Killed Robin
  1665 | D:3      | Found a basalt altar of Yredelemnul.
  1780 | D:3      | Reached XP level 5. HP: 48/49 MP: 4/4
  1826 | D:3      | Reached skill level 4 in Unarmed Combat
  1998 | D:3      | Found a sacrificial altar of Ru.
  2038 | D:3      | Found a faded altar of an unknown god.
  2038 | D:3      | Noticed a rust devil
  2151 | D:4      | Noticed Pikel
  2151 | D:4      | Noticed a lemure
  2151 | D:4      | Noticed a lemure
  2151 | D:4      | Noticed a lemure
  2151 | D:4      | Noticed a lemure
  2166 | D:3      | Slain by a lemure

Illustrated notes

Levels and vault maps discovered:
D:1:      mainiacjoe_arrival_reflecting_pool, layout_loops_corners
D:2:      layout_basic, serial_shops, nicolae_shop_back_alley_shop
D:3:      layout_basic, overflow_temple_1_default,
          nicolae_overflow_crystal_walls,
          dreamdust_ecumenical_altar_sealed_demon, minmay_misc_feat_room,
          uniq_robin
D:4:      layout_cave_pools, serial_shops, nicolae_shop_real_fake_doors,
          ebering_ghost_reflecting_pool, uniq_pikel

Skill      XL: |  1  2  3  4  5 |
---------------+----------------+-----
Fighting       | 1 2 |  2.3
Dodging        | 2 |  2.8
Unarmed Combat | 4 |  4.1
Shapeshifting  | |  3.9

Action                     |  1- 3 |  4- 6 || total
---------------------------+-------+-------++-------
  Melee: Unarmed           |    86 |    94 ||   180
         Punch             |       |     4 ||     4
    Use: Scroll            |     1 |     6 ||     7
 Armour: Animal skin       |    61 |    78 ||   139
  Dodge: Dodged            |    61 |    49 ||   110
   Form: Beast             |     1 |       ||     1
